 Dungeon Crawl Stone Soup version 0.27-a0-1291-geefcff550b (webtiles) character file.

Game seed: 15148107693245038047

151 Armakuni the Skirmisher (level 5, -7/30 HPs)
             Began as a Vine Stalker Wanderer on June 15, 2021.
             Mangled by a kobold brigand (8 damage)
             ... in a sewer.
             The game lasted 00:06:19 (2259 turns).

Armakuni the Skirmisher (Vine Stalker Wanderer)     Turns: 2259, Time: 00:06:19

Health: -7/30      AC:  3    Str: 14    XL:     5   Next: 33%
Magic:  0/10       EV: 11    Int: 15    God:
Gold:   49         SH:  0    Dex: 12    Spells: 6/10 levels left

rFire    . . .     SeeInvis .   a - +2 dagger (venom)
rCold    . . .     Faith    .   (no shield)
rNeg     . . .     Spirit   +   e - +0 leather armour
rPois    .         Reflect  .   (no helmet)
rElec    .         Harm     .   (no cloak)
rCorr    .         Rampage  .   (no gloves)
Will     .....                  (no boots)
Stlth    +.........             (no amulet)
HPRegen  1.10/turn              (no ring)
MPRegen  0.12/turn              (no ring)

@: lethally poisoned (-7 -> -8), slowed, very slow
A: fangs 2, regeneration 1, magic shield, antimagic bite, no potion heal 2
a: no special abilities


You were in a sewer.
You visited 1 branch of the dungeon, and saw 4 of its levels.
You also visited: Sewer.

You collected 49 gold pieces.

Inventory:

Hand Weapons
 a - a +2 dagger of venom (weapon)
 b - a +0 hand crossbow
Missiles
 f - 8 stones
Armour
 e - a +0 leather armour (worn)
Scrolls
 c - a scroll of teleportation
 d - a scroll of fear
 g - a scroll of identify
 h - a scroll of fog {unknown}


   Skills:
 + Level 4.4 Fighting
 - Level 1.2 Stealth
 - Level 3.2 Spellcasting
 - Level 3.0 Ice Magic
 - Level 2.0 Earth Magic
 - Level 1.0 Evocations


You had 6 spell levels left.
You knew the following spells:

 Your Spells              Type           Power      Damage    Failure   Level
a - Stone Arrow           Conj/Erth      10%        3d7       45%         3
z - Sandblast             Erth           16%        2d6       11%         1

Your spell library contained the following spells:

 Spells                   Type           Power      Damage    Failure   Level
 Passwall                 Tmut/Erth      4%         N/A       26%         2
 Petrify                  Tmut/Erth      5%         N/A       86%         4
 Lee's Rapid Deconstruct  Erth           4%         3d6*      97%         5


Dungeon Overview and Level Annotations

Branches:
Dungeon (4/15)              Sewer (1/1)
 Temple: D:4-7

Altars:


Innate Abilities, Weirdness & Mutations

You have extremely sharp teeth.
Your natural rate of healing is unusually fast.
When hurt, damage is shared between your health and your magic reserves.
Your bite disrupts and absorbs the magic of your enemies.
Potions cannot restore your health.


Message History

You feel very sick. The adder bites you.
You enter the shallow water.
Moving in this stuff is going to be slow.
You feel very sick. The adder bites you but does no damage.
The adder barely misses you. The adder closely misses you.
You feel very sick. The adder barely misses you. The adder closely misses you.
The adder bites you.
You are more poisoned.
The adder poisons you!
You hit the adder.
The adder is poisoned.
You bite the adder. You drain its power.
You feel invigorated.
The adder is heavily wounded.
You feel sick. The adder bites you.
You feel sick. The adder bites you. The adder bites you but does no damage.
The adder barely misses you.
You feel sick.
You kill the adder!
You enter the shallow water.
Moving in this stuff is going to be slow.
You feel yourself speed up.
You feel sick.
You are no longer poisoned.
The kobold brigand throws a curare-tipped dart.
The curare-tipped dart hits you.
You are poisoned.
You have difficulty breathing.
* * * LOW HITPOINT WARNING * * *
You feel yourself slow down.
You feel very sick.
The kobold brigand throws a curare-tipped dart.
The curare-tipped dart completely misses you.
You enter the shallow water.
Moving in this stuff is going to be slow.
You feel very sick.
The kobold brigand hits you with a +0 short sword!
* * * LOW HITPOINT WARNING * * *
The kobold brigand hits you with a +0 short sword!
You die...

##### #. .#.#.#
#≈ ≈#≈#≈# #≈
K#≈#≈# ≈#≈#≈#≈#
≈≈≈#.≈≈#
#≈###†## #≈#
#.# #≈###@#
#≈≈.K≈# ##.≈≈##
#≈≈.# #.≈.#
#.≈≈## #.
#.≈..## #≈.
#≈...≈#####.≈≈≈
##.≈≈≈..≈.≈.≈.≈


You could see a kobold brigand.

Vanquished Creatures
  Terence (D:2)
  3 gnolls
  3 adders
  2 adder skeletons (D:4)
  A worm (D:3)
  A dart slug (D:1)
  9 ball pythons
  9 bats
  3 endoplasms
  A giant cockroach (D:2)
  5 goblins
  8 hobgoblins
  4 jackals
  4 kobolds
  11 rats
65 creatures vanquished.

Notes
Turn   | Place    | Note
-------+----------+-------------------------------------------
     0 | D:1      | Armakuni the Vine Stalker Wanderer began the quest for the
                  | Orb.
     0 | D:1      | Armakuni set off with the following items: a +0 club, a +0
                  | robe; and the following spells available to memorise:
                  | Sandblast, Passwall, Stone Arrow, Petrify, Lee's Rapid
                  | Deconstruction
     0 | D:1      | Reached XP level 1. HP: 9/9 MP: 5/5
    14 | D:1      | Learned a level 1 spell: Sandblast
   245 | D:1      | Found a faded altar of an unknown god.
   252 | D:1      | Reached skill level 1 in Fighting
   416 | D:1      | Reached XP level 2. HP: 14/14 MP: 7/7
   582 | D:1      | Reached skill level 2 in Fighting
   775 | D:1      | Reached XP level 3. HP: 17/18 MP: 6/8
   779 | D:1      | Learned a level 3 spell: Stone Arrow
  1449 | D:1      | Reached skill level 3 in Fighting
  1690 | D:2      | Noticed Terence
  1704 | D:2      | Killed Terence
  1705 | D:2      | Gained mutation: Your natural rate of healing is unusually
                  | fast. [Vine Stalker growth]
  1705 | D:2      | Reached XP level 4. HP: 3/24 MP: 3/9
  1794 | D:2      | Reached skill level 4 in Fighting
  1794 | D:2      | Reached XP level 5. HP: 18/29 MP: 4/10
  2050 | D:2      | You fall into a shaft and drop 2 floors!
  2175 | D:3      | Found a glowing drain.
  2191 | Sewer    | Entered a sewer
  2249 | Sewer    | Noticed a kobold brigand
  2259 | Sewer    | HP: 1/30 [kobold brigand (3)]
  2259 | Sewer    | Mangled by a kobold brigand

Illustrated notes

Levels and vault maps discovered:
D:1:      dpeg_arrival_fog, layout_basic,
          hellmonk_ecumenical_altar_pennies_from_heaven, minmay_pentomino_o2
D:2:      layout_rooms, uniq_terence
D:3:      layout_loops_cross, serial_co_window_serial, co_window_paths_a,
          co_window_paths_a, co_window_paths_a, co_window_paths_a,
          co_window_paths_a, co_window_broadway_b, co_window_corner_cb,
          co_window_of_opportunity_c, co_window_corner_b, co_window_4corner_b,
          glass_columns_c, serial_shops, shop, cheibrodos_sewer_entry_drain
D:4:      layout_basic, minmay_temple_entry_antechambers
Sewer:    sewer_co_tree

Skill      XL: |  1  2  3  4 |
---------------+-------------+-----
Fighting       | 1 2 3 4 |  4.4
Stealth        | |  1.2
Spellcasting   | |  3.2
Ice Magic      | |  3.0
Earth Magic    | |  2.0
Evocations     | |  1.0

Action                   |  1- 3 |  4- 6 || total
-------------------------+-------+-------++-------
Melee: Club              |    13 |       ||    13
       Whip              |    95 |       ||    95
       Bite              |    26 |    12 ||    38
       Dagger            |    27 |    57 ||    84
 Cast: Sandblast         |       |     7 ||     7
  Use: Scroll            |     5 |     2 ||     7
       Potion            |     4 |       ||     4
 Stab: Sleeping          |     1 |       ||     1
Armor: Robe              |     1 |       ||     1
       Leather armour    |    63 |    11 ||    74
Dodge: Dodged            |   118 |    54 ||   172

Table legend: (Time is in decaauts)
 A = Elapsed time spent in this place.
 B = Non-inter-level travel time spent in this place.
 C = Inter-level travel time spent in this place.
 D = Time resting spent in this place.
 E = Time spent auto-exploring this place.
 F = Levels seen in this place.
 G = Mean time per level.
                   A        B        C        D        E       F      G
               +--------+--------+--------+--------+--------+-----+--------+
         Total |   2304 |   2223 |     81 |    694 |    881 |   5 |  460.8 |
       Dungeon |   2214 |   2133 |     81 |    694 |    830 |   4 |  553.5 |
         Sewer |     89 |     89 |      0 |      0 |     51 |   1 |   89.0 |
               +--------+--------+--------+--------+--------+-----+--------+

Top non-repeatable levels by time:
     D:1: 1450 daAuts
     D:2: 621 daAuts
     D:4: 115 daAuts
   Sewer: 89 daAuts
     D:3: 26 daAuts
